 Dungeon Crawl Stone Soup version 0.29.1-15-g9cfb28693d (webtiles) character file.

Game seed: 16002342070671479275

144 Ast3rio the Shield-Bearer (level 5, 0/42 HPs)
             Began as a Formicid Fighter on Mar 23, 2023.
             Slain by an ogre
             ... wielding a +0 giant club
              (24 damage)
             ... on level 4 of the Dungeon.
             The game lasted 00:04:52 (2863 turns).

Ast3rio the Shield-Bearer (Formicid Fighter)        Turns: 2863, Time: 00:04:52

Health: 0/42       AC:  7    Str: 22    XL:     5   Next: 52%
Magic:  5/5        EV:  9    Int:  8    God:
Gold:   170        SH:  5    Dex: 13    Spells: 4/4 levels left

rFire   . . .      SeeInvis +   a - +0 war axe
rCold   . . .      Faith    .   c - +0 buckler
rNeg    . . .      Spirit   .   b - +0 scale mail
rPois   .          Reflect  .   (helmet unavailable)
rElec   .          Harm     .   (no cloak)
rCorr   .          Rampage  .   (no gloves)
Will    .....                   (no boots)
Stlth   ..........              (no amulet)
HPRegen 0.14/turn               (no ring)
MPRegen 0.09/turn               (no ring)

@: no status effects
A: permanent stasis, dig shafts and tunnels, antennae 3, four strong arms
a: Dig, Shaft Self


You were on level 4 of the Dungeon.
You visited 1 branch of the dungeon, and saw 4 of its levels.

You collected 170 gold pieces.

Inventory:

Hand Weapons
 a - a +0 war axe (weapon)
Armour
 b - a +0 scale mail (worn)
 c - a +0 buckler (worn)
Jewellery
 g - a ring of magical power
 n - a ring of ice
 t - an amulet of faith
Scrolls
 h - a scroll of magic mapping {unknown}
 i - 3 scrolls of enchant armour {unknown}
 l - a scroll of vulnerability {unknown}
 o - a scroll of summoning {unknown}
 p - 2 scrolls of poison {unknown}
 q - a scroll of teleportation {unknown}
 v - a scroll of fear {unknown}
 w - a scroll of silence {unknown}
Potions
 d - a potion of might
 e - 2 potions of curing {unknown}
 f - a potion of haste {unknown}
 j - 2 potions of ambrosia {unknown}
 k - 2 potions of mutation {unknown}
 m - 3 potions of degeneration {unknown}
 r - a potion of brilliance {unknown}
 s - a potion of cancellation {unknown}
 u - a potion of berserk rage {unknown}


   Skills:
 + Level 3.8 Fighting
 + Level 3.7 Axes
 + Level 4.1 Armour
 + Level 5.1 Shields


You had 4 spell levels left.
You didn't know any spells.
Your spell library contained the following spells:

 Spells                   Type           Power      Damage    Failure   Level
 Sting                    Tmut/Pois      0%         1d3       80%         1
 Summon Small Mammal      Summ           0%         N/A       80%         1
 Poisonous Vapours        Pois/Air       0%         N/A       90%         2
 Call Canine Familiar     Summ           0%         N/A       99%         3
 Conjure Flame            Conj/Fire      0%         6-21      99%         3
 Ignite Poison            Fire/Tmut/Pois 0%         N/A       99%         3
 Lesser Beckoning         Tloc           0%         N/A       99%         3
 Summon Guardian Golem    Hex/Summ       0%         N/A       99%         3
 Olgreb's Toxic Radiance  Pois           0%         N/A       100%        4
 Sticky Flame             Conj/Fire      0%         2d3       100%        4
 Manifold Assault         Tloc           0%         N/A       100%        5
 Blink                    Tloc           Unusable   N/A       N/A         2

Dungeon Overview and Level Annotations

Branches:
Dungeon (4/15)
 Temple: D:4-7

Altars:
Vehumet
Yredelemnul
The Shining One

Shops:
D:3 :

Annotations:
D:2 1 runed translucent door, Crazy Yiuf, Jessica
D:3 1 runed translucent door


Innate Abilities, Weirdness & Mutations

You cannot be hasted, slowed, berserked, paralysed or teleported.
You can dig through walls and to a lower floor.
You have a pair of large antennae on your head. (SInv)
Your four strong arms can wield two-handed weapons with a shield.


Message History

You block the kobold's attack.
You slash the kobold!
You kill the kobold!
An ogre comes into view. It is wielding a +0 giant club.
The orc closely misses you.
You barely miss the orc. The orc barely misses you.
The orc hits you but does no damage.
You barely miss the ogre. You closely miss the orc. The ogre barely misses you.
The orc hits you but does no damage.
You hit the ogre.
The ogre is lightly wounded.
You slash the orc!
You kill the orc!
You block the ogre's attack.
You completely miss the ogre.
The ogre is lightly wounded.
A giant cockroach comes into view.
The ogre hits you with a +0 giant club!
You closely miss the ogre.
The ogre is lightly wounded.
You block the ogre's attack.
You hit the ogre.
The ogre is lightly wounded.
The ogre completely misses you.
You slash the ogre!
The ogre is heavily wounded.
The ogre hits you with a +0 giant club!
You closely miss the ogre.
The ogre is heavily wounded.
The giant cockroach bites you but does no damage.
You block the ogre's attack.
You hit the ogre.
The ogre is heavily wounded.
You slash the giant cockroach!
You kill the giant cockroach!
You hit the ogre.
The ogre is heavily wounded.
The ogre hits you with a +0 giant club!!
Ouch! That really hurt!
You die...

#.......#.....#.#
#.###.#.#.##.##.#
########.#
#.#.#.....#.#
.....$.>#
#.#.#######.#
##.#....#
#.#.#.......# {
.......#
#.#.##.######
#.....# #.#.##.#
#...).# #.#.##.#
# #..O@.#
#.#.##.# #
.###.....#
#.#.##.# #
...$..)..#
#.#.##.# #
.##.##.#.#
#.#.##.# # ..
#.#.# #.#....# ..
#.#.# #...#### .
..#.# ###.# {
#####.# #...# ##
#<# #.# #.###


You could see an ogre.

Vanquished Creatures
  Natasha (thrice) (D:2)
  An adder (D:2)
  An orc (D:4)
  5 endoplasms
  4 giant cockroaches
  4 hobgoblins
  4 jackals (D:1)
  6 kobolds
  2 quokkas (D:2)
  7 ball pythons
  4 bats
  3 frilled lizards
  5 goblins
  A kobold zombie (D:3)
  6 rats
56 creatures vanquished.

Notes
Turn   | Place    | Note
-------+----------+-------------------------------------------
     0 | D:1      | Ast3rio the Formicid Fighter began the quest for the Orb.
     0 | D:1      | Reached XP level 1. HP: 18/18 MP: 1/1
   253 | D:1      | Found a faded altar of an unknown god.
   263 | D:1      | Reached XP level 2. HP: 22/24 MP: 2/2
   781 | D:1      | Reached XP level 3. HP: 28/29 MP: 3/3
  1080 | D:2      | Found a runed translucent door.
  1081 | D:2      | Noticed Crazy Yiuf
  1082 | D:2      | Noticed Jessica
  1181 | D:2      | Reached XP level 4. HP: 34/37 MP: 4/4
  1354 | D:2      | Noticed Natasha
  1363 | D:2      | Killed Natasha
  1573 | D:2      | Noticed Natasha
  1580 | D:2      | Killed Natasha
  1581 | D:2      | Reached XP level 5. HP: 40/42 MP: 5/5
  1617 | D:2      | Noticed Natasha
  1625 | D:2      | Killed Natasha
  1626 | D:2      | Reached skill level 5 in Shields
  1915 | D:3      | Found a faded altar of an unknown god.
  1919 | D:3      | Found a glowing golden altar of the Shining One.
  2084 | D:3      | Found a runed translucent door.
  2084 | D:3      | Noticed a human
  2094 | D:3      | Found a basalt altar of Yredelemnul.
  2265 | D:3      | Found Vuahoq's Book Shop.
  2300 | D:3      | Found a radiant altar of Vehumet.
  2852 | D:4      | Noticed an ogre
  2863 | D:4      | Slain by an ogre

Illustrated notes

Levels and vault maps discovered:
D:1:      minmay_arrival_arboretum_large, layout_loops_ring, serial_forest,
          infiniplex_forest_zigzag_2, infiniplex_forest_clump_small,
          infiniplex_forest_straight_2, infiniplex_forest_lined_3,
          infiniplex_forest_corner_1, nicolae_ecumenical_snake_handling
D:2:      layout_rooms, kennysheep_another_room, minmay_misc_feat_rugged,
          uniq_crazy_yiuf_cottage, uniq_natasha, uniq_jessica
D:3:      layout_basic, dk_yredelemnul_ordeal,
          nicolae_overflow_ecumenical_swirl, mainiacjoe_overflow_alcove_4,
          serial_shops, shop
D:4:      layout_basic, uniq_ijyb, uniq_menkaure

Skill      XL: |  1  2  3  4  5 |
---------------+----------------+-----
Axes           | 3 |  3.7
Armour         | 4 |  4.1
Shields        | 5 |  5.1
Fighting       | |  3.8

Action                   |  1- 3 |  4- 6 || total
-------------------------+-------+-------++-------
Melee: War axe           |    83 |    68 ||   151
Armor: Scale mail        |    53 |    30 ||    83
Dodge: Dodged            |    46 |    34 ||    80
Block: Buckler           |    22 |    20 ||    42
